 Dungeon Crawl Stone Soup version 0.23.2-40-g277498a001 (webtiles) character file.

Game seed: 5477428836731235501

112 Newrome1105 the Covered (level 4, -5/41 HPs)
             Began as a Minotaur Fighter on Sept 29, 2019.
             Killed by divine providence
             ... invoked by an orc priest
              (15 damage)
             ... on level 3 of the Dungeon.
             The game lasted 00:12:42 (2158 turns).

Newrome1105 the Covered (Minotaur Fighter)          Turns: 2158, Time: 00:12:45

Health: -5/41      AC:  7    Str: 21    XL:     4   Next: 63%
Magic:  3/3        EV:  8    Int:  5    God:
Gold:   110        SH:  9    Dex: 10    Spells: 3/3 levels left

rFire    . . .     SeeInvis .   a - +0 long sword
rCold    . . .     Gourm    .   c - +0 shield
rNeg     . . .     Faith    .   b - +0 scale mail
rPois    .         Spirit   .   (helmet restricted)
rElec    .         Reflect  .   (no cloak)
rCorr    .         Harm     .   (no gloves)
MR       .....                  (no boots)
Stlth    ..........             (no amulet)
HPRegen  0.13/turn              (no ring)
MPRegen  0.08/turn              (no ring)

@: no status effects
A: retaliatory headbutt, horns 2
a: no special abilities


You were on level 3 of the Dungeon.
You were not hungry.

You visited 1 branch of the dungeon, and saw 3 of its levels.

You collected 110 gold pieces.

Inventory:

Hand Weapons
 a - a +0 long sword (weapon)
Armour
 b - a +0 scale mail (worn)
 c - a +0 shield (worn)
Jewellery
 p - an uncursed ring of protection from fire {unknown}
 t - an uncursed amulet of harm {unknown}
Scrolls
 e - 3 scrolls of identify {unknown}
 h - 2 scrolls of amnesia {unknown}
 i - a scroll of magic mapping {unknown}
 n - a scroll of fear {unknown}
 o - a scroll of enchant armour {unknown}
 s - a scroll of immolation {unknown}
 u - a scroll of enchant weapon {unknown}
Potions
 d - 2 potions of might
 g - a potion of heal wounds {unknown}
 j - a potion of lignification {unknown}
 k - a potion of degeneration {unknown}
 l - a potion of invisibility {unknown}
 m - a potion of cancellation {unknown}
 r - a potion of haste {unknown}
 v - a potion of berserk rage {unknown}
Comestibles
 f - 5 rations


   Skills:
 + Level 4.4 Fighting
 + Level 3.5 Long Blades
 + Level 4.7 Armour
 + Level 1.4 Dodging
 - Level 4.0 Shields


You had 3 spell levels left.
You didn't know any spells.
Your spell library was empty.

Dungeon Overview and Level Annotations

Branches:
Dungeon (3/15)

Altars:


Innate Abilities, Weirdness & Mutations

You reflexively headbutt those who attack you in melee.
You have a pair of horns on your head.


Message History

The orc's wounds heal themselves!
You barely miss the orc. You headbutt the orc!
You kill the orc!
The orc priest begins to cast a cantrip, but forgets the words!
The orc priest hits you but does no damage.
Things that are here:
a +0 flail of protection; a +0 dagger; an orc corpse You hit the orc priest.
The orc priest is lightly wounded.
The orc priest invokes the aid of Beogh against you.
Beogh smites you!
The orc priest hits you with a cursed -2 hand axe.
* * * LOW HITPOINT WARNING * * *
You hit the orc priest but do no damage.
Your headbutt misses the orc priest.
The orc priest is lightly wounded.
You block the orc priest's attack.
The orc priest calls down the wrath of Beogh upon you.
Beogh smites you!
You die...

### #.. #.#
#o# #o# #@#
#.# #.# #.#
#.# #.# #.#
######### #.#
#........ #.#
######.######.


You could see 2 orc priests.

Vanquished Creatures
  6 adders
  An ooze (D:3)
  A worm (D:2)
  A leopard gecko (D:3)
  5 orcs (D:3)
  A ball python (D:1)
  2 giant cockroaches
  7 goblins
  3 hobgoblins
  5 jackals
  A quokka (D:3)
  6 bats
  3 frilled lizards
  4 kobolds
  3 rats
49 creatures vanquished.

Notes
Turn   | Place    | Note
-------+----------+-------------------------------------------
     0 | D:1      | Newrome1105 the Minotaur Fighter began the quest for the
                  | Orb.
     0 | D:1      | Reached XP level 1. HP: 19/19 MP: 0/0
   451 | D:1      | Reached XP level 2. HP: 24/27 MP: 1/1
   648 | D:2      | Reached XP level 3. HP: 22/33 MP: 2/2
  1168 | D:2      | Reached skill level 1 in Dodging
  1471 | D:2      | Reached XP level 4. HP: 29/41 MP: 3/3
  1804 | D:3      | Found a faded altar of an unknown god.
  2158 | D:3      | Killed from afar by an orc priest

Skill      XL: |  1  2  3 |
---------------+----------+-----
Fighting       | 4 |  4.4
Armour         | 4 |  4.7
Shields        | 4 |  4.0
Long Blades    | 3 |  3.5
Dodging        | 1 |  1.4

Action                   |  1- 3 |  4- 6 || total
-------------------------+-------+-------++-------
Melee: Long sword        |    73 |    38 ||   111
       Headbutt          |     4 |     8 ||    12
  Eat: Ration            |     1 |       ||     1
       Chunk             |     1 |       ||     1
Armor: Scale mail        |    60 |    21 ||    81
Dodge: Dodged            |    37 |    12 ||    49
Block: Shield            |    55 |    29 ||    84
       Rpst.: Long sword |    14 |       ||    14
